Map: Lost and Found LE

Players

SpeCial

  • Race: Terran Terran
  • Spawn Location: 1:00

MaNa - Winner!

  • Race: Protoss Protoss
  • Spawn Location: 7:00

Event: WCS Austin 2018

VOD

Have the link to the VOD?

Description

Time

  • Played on: June 3, 2018, 5:50 p.m.
  • Length: 13:30

All games in this series

Show
View Real Time Build Order
Export as new Build Order

SpeCial Terran 

Build Orders: Cyclone Opening, Reaper Expand 

Get SALT Encoding   

  12  0:00  SCV  
  13  0:12  SCV  
  14  0:17  Supply Depot  
  14  0:25  SCV  
  15  0:38  SCV  
  15  0:40  Barracks  
  16  0:48  Refinery  
  16  0:50  SCV  
  17  1:02  SCV  
  18  1:15  SCV  
  19  1:30  Orbital Command  
  19  1:31  Reaper  
  20  1:48  Command Center  
  20  1:56  SCV  
  20  1:57  Supply Depot  
  21  2:02  Marine  
  22  2:08  SCV  
  22  2:10  Factory  
  23  2:20  SCV  
  24  2:25  Refinery  
  24  2:26  Barracks Reactor  
  24  2:32  SCV  
  25  2:44  SCV  
  26  2:57  Cyclone, SCV  
  30  3:01  Orbital Command  
  29  3:07  Marine x2  
  29  3:09  SCV  
  32  3:18  Starport  
  32  3:21  SCV  
  32  3:24  Marine  
  32  3:25  Marine  
  35  3:28  SCV  
  35  3:33  SCV  
  37  3:42  Marine x2, Cyclone  
  37  3:45  SCV  
  43  3:52  SCV  
  43  3:57  SCV  
  43  3:59  Starport Tech Lab, Bunker  
  46  4:06  Supply Depot, SCV  
  46  4:09  SCV  
  46  4:18  Cloaking Field  
  46  4:28  Marine x2, SCV x2  
  46  4:30  Supply Depot  
  50  4:36  Command Center  
  50  4:38  Banshee  
  50  4:40  SCV  
  54  4:48  Factory Tech Lab  
  54  4:51  Marine x2, SCV  
  54  4:52  SCV  
  58  4:53  Supply Depot  
  58  5:02  Supply Depot  
  58  5:04  SCV x2  
  60  5:10  Marine x2  
  62  5:14  Siege Tank  
  62  5:16  Supply Depot, SCV x2  
  62  5:21  Banshee  
  67  5:28  SCV x2  
  71  5:29  Marine x2, Refinery, Supply Depot  
  71  5:30  Refinery  
  74  5:40  SCV x2  
  74  5:42  Supply Depot  
  76  5:46  Barracks  
  76  5:47  Siege Tank  
  79  5:50  Orbital Command  
  79  5:52  Barracks, SCV  
  79  5:53  SCV  
  79  5:56  Marine x2  
  77  6:07  SCV  
  77  6:08  Banshee  
  78  6:11  SCV  
  78  6:14  Engineering Bay  
  78  6:15  Engineering Bay  
  78  6:16  SCV  
  78  6:18  Marine x2  
  80  6:19  SCV  
  80  6:20  Siege Tank  
  80  6:23  SCV  
  86  6:27  Supply Depot  
  86  6:28  SCV  
  86  6:32  SCV  
  88  6:34  Barracks Tech Lab  
  88  6:35  SCV  
  89  6:41  SCV  
  89  6:43  Terran Infantry Weapons Level 1, Terran Infantry Armor Level 1  
  89  6:45  SCV  
  89  6:47  Bunker  
  91  6:51  Bunker, SCV  
  91  6:52  Siege Tank  
  91  6:53  Marine x2  
  97  6:59  SCV  
  97  7:00  Missile Turret  
  95  7:01  Barracks Tech Lab  
  95  7:02  Barracks, Missile Turret  
  95  7:05  Barracks  
  83  7:11  Marine x2  
  83  7:12  Marine  
  83  7:13  SCV x2  
  83  7:15  Orbital Command  
  79  7:17  Stimpack  
  76  7:23  Marine  
  76  7:25  SCV x2  
  76  7:29  Marine x2, Siege Tank  
  84  7:30  Marine  
  84  7:32  Combat Shields  
  84  7:35  Missile Turret  
  84  7:37  SCV x2, Raven  
  85  7:40  SCV  
  85  7:41  Marine  
  91  7:46  Marine  
  91  7:49  SCV x2  
  94  7:54  Marine  
  94  7:55  Marauder  
  94  7:56  Barracks Tech Lab  
  94  7:58  SCV  
  95  7:59  Marauder  
  95  8:00  Refinery x2, Supply Depot  
  95  8:01  SCV  
  98  8:07  SCV, Missile Turret  
  98  8:09  Missile Turret  
  98  8:10  Marine, SCV  
  98  8:11  Marauder, Concussive Shells, Marine  
  104  8:14  Factory Reactor  
  104  8:16  Marauder  
  106  8:26  Marauder x2  
  109  8:27  Marine  
  109  8:29  Marine  
  109  8:32  Marauder  
  111  8:39  Marauder  
  98  8:45  Marine  
  98  8:46  SCV x2  
  98  8:47  Marine  
  98  8:49  Bunker  
  98  8:50  Bunker  
  98  8:53  Marine  
  98  8:54  Marauder x2  
  103  8:56  SCV  
  103  8:58  Medivac x2, SCV x2  
  103  8:59  Armory, Siege Tank  
  103  9:01  Marauder  
  115  9:03  Marine  
  115  9:08  SCV  
  117  9:10  SCV x2  
  117  9:11  Marine  
  117  9:16  Supply Depot  
  120  9:20  SCV  
  120  9:21  Marauder x3, Marine  
  120  9:22  Supply Depot, SCV x2  
  129  9:28  Medivac x2  
  129  9:29  Missile Turret  
  133  9:34  Marine, SCV x3  
  133  9:35  Supply Depot  
  137  9:39  Marine  
  138  9:46  Marine x4, Factory Reactor  
  138  9:47  Starport  
  142  9:58  Medivac x2, Marine x2  
  148  10:03  Marine  
  148  10:04  Marine x3, Terran Infantry Weapons Level 2, Terran Infantry Armor Level 2  
  143  10:19  Marine x2  
  144  10:22  Marauder x2  
  144  10:26  Widow Mine x2  
  150  10:31  Medivac x2  
  154  10:35  Ghost Academy  
  154  10:37  Marine x2, Terran Ship Weapons Level 1  
  156  10:43  Command Center  
  156  10:48  Liberator x2  
  152  10:53  Liberator  
  152  10:54  Marauder x4, Marine x2  
  157  11:00  Barracks  
  157  11:01  Barracks  
  157  11:02  Barracks, Sensor Tower  
  165  11:15  Marine  
  165  11:19  Marine  
  165  11:22  Marine  
  165  11:24  Liberator  
  165  11:27  Marauder, Marine x2  
  165  11:31  Liberator  
  165  11:32  Marine  
  147  11:36  Liberator  
  147  11:37  Marine  
  125  11:41  Marauder  
  125  11:45  Marauder x2  
  127  11:48  Marine  
  127  11:49  Marine x3  
  127  11:50  Marine  
  133  11:54  Marine  
  115  12:02  Marauder  
  115  12:06  Marine x3  
  115  12:07  Marauder, Marine x2  
  115  12:08  Marine  
  114  12:12  Marine  
  114  12:14  Liberator  
  104  12:19  Liberator  
  95  12:24  Marauder, Marine x4, SCV x3  
  95  12:25  Marine  
  95  12:26  Marine  
  95  12:28  Marauder  
  104  12:30  Marine  
  95  12:42  Marauder x2, Marine x3  
  96  12:45  Marauder  
  96  12:49  Marauder  
  102  12:52  Marine  
  103  13:04  Marauder x2  
  104  13:06  Marauder  
  104  13:07  Marine x2  
Show
View Real Time Build Order
Export as new Build Order

MaNa Protoss - Winner!

Build Orders: Oracle Opening 

Get SALT Encoding   

  12  0:00  Probe  
  13  0:12  Probe  
  14  0:17  Pylon  
  14  0:24  Probe  
  15  0:32  Probe  
  15  0:37  Gateway  
  15  0:40  Probe  
  16  0:46  Assimilator  
  17  0:50  Probe  
  18  0:58  Probe  
  19  1:06  Probe  
  19  1:08  Pylon  
  20  1:17  Probe  
  20  1:23  Cybernetics Core  
  20  1:24  Zealot  
  23  1:50  Nexus  
  23  1:51  Stalker  
  23  1:54  Assimilator  
  25  2:04  Probe  
  25  2:07  Warp Gate  
  26  2:16  Probe  
  26  2:21  Stalker  
  29  2:28  Probe  
  30  2:31  Pylon  
  30  2:40  Probe  
  31  2:46  Stargate  
  31  2:52  Probe  
  32  3:02  Probe  
  32  3:04  Probe  
  34  3:09  Gateway  
  34  3:15  Stalker  
  34  3:19  Probe  
  37  3:20  Gateway, Oracle  
  37  3:25  Probe  
  38  3:32  Probe  
  42  3:37  Probe  
  41  3:44  Probe  
  41  3:47  Probe  
  42  3:55  Probe  
  42  3:57  Oracle, Probe  
  42  4:01  Pylon  
  47  4:03  Probe  
  47  4:09  Probe  
  49  4:12  Stalker  
  49  4:15  Probe  
  52  4:21  Stalker, Probe  
  55  4:27  Probe  
  56  4:33  Probe  
  56  4:35  Robotics Facility  
  57  4:40  Pylon, Probe  
  57  4:45  Probe  
  59  4:52  Probe  
  60  4:53  Oracle  
  60  4:55  Nexus  
  60  4:59  Probe  
  61  5:04  Probe  
  65  5:08  Pylon  
  65  5:11  Probe  
  66  5:16  Probe  
  67  5:22  Probe  
  67  5:23  Assimilator x2, Observer  
  67  5:25  Probe  
  70  5:30  Probe  
  70  5:33  Probe  
  70  5:35  Sentry  
  73  5:39  Forge  
  73  5:40  Forge  
  74  5:47  Pylon  
  74  5:48  Pylon  
  74  6:00  Protoss Ground Weapons Level 1  
  74  6:03  Shield Battery  
  74  6:05  Probe x2  
  74  6:10  Phoenix  
  78  6:13  Probe x2  
  78  6:14  Gateway, Probe  
  78  6:16  Gateway x2  
  78  6:17  Gateway  
  81  6:20  Protoss Ground Armor Level 1  
  81  6:21  Probe x2  
  82  6:27  Pylon, Probe  
  82  6:30  Shield Battery  
  82  6:31  Probe  
  84  6:35  Probe  
  84  6:36  Twilight Council  
  84  6:39  Probe  
  87  6:44  Probe  
  87  6:47  Zealot x3, Probe  
  93  6:56  Probe  
  93  6:59  Charge  
  92  7:04  Probe  
  92  7:08  Probe  
  88  7:09  Probe  
  88  7:11  Immortal  
  88  7:12  Stalker x3  
  88  7:16  Probe  
  88  7:20  Probe  
  88  7:21  Probe  
  95  7:27  Pylon  
  95  7:28  Probe  
  96  7:36  Templar Archives, Pylon  
  96  7:37  Sentry  
  96  7:38  Zealot  
  100  7:46  Protoss Ground Weapons Level 2  
  99  7:53  Protoss Ground Armor Level 2  
  99  7:55  Zealot x3  
  99  7:56  Zealot x2, Observer  
  99  7:57  Warp Prism  
  109  7:59  Zealot  
  109  8:00  Zealot  
  113  8:09  Pylon  
  113  8:10  Pylon  
  113  8:12  Pylon  
  113  8:32  Probe  
  111  8:40  Zealot  
  111  8:41  Zealot x6  
  115  8:45  Psionic Storm  
  109  8:50  Assimilator  
  109  8:53  Assimilator  
  109  9:02  Zealot x7  
  123  9:04  Nexus  
  123  9:13  Probe  
  123  9:14  Immortal  
  122  9:22  High Templar x4  
  134  9:27  Photon Cannon  
  134  9:29  Pylon  
  134  9:30  Photon Cannon  
  134  9:31  Shield Battery  
  134  9:34  Zealot x3  
  140  9:42  Pylon  
  140  9:44  Photon Cannon  
  140  9:51  Photon Cannon  
  140  9:53  Gateway x2  
  140  9:58  Immortal  
  144  10:01  High Templar x2  
  130  10:16  Zealot x2, High Templar x3  
  116  10:36  Sentry  
  116  10:37  Zealot x3  
  116  10:38  Warp Prism  
  126  10:50  High Templar x2  
  126  10:51  Zealot x3  
  126  10:52  Protoss Ground Weapons Level 3  
  136  11:05  Pylon  
  136  11:07  Nexus, Pylon  
  136  11:08  Zealot x2  
  140  11:16  Pylon  
  132  11:39  Zealot x9  
  134  11:43  Archon  
  134  11:45  Probe x2  
  130  11:47  Probe  
  131  11:57  Probe x2  
  128  12:03  Archon  
  128  12:05  Stalker x6  
  136  12:16  Probe  
  133  12:23  Probe  
  133  12:24  Probe  
  135  12:30  High Templar x3  
  135  12:31  Zealot x5, High Templar  
  131  12:45  Archon x2  
  131  12:48  Immortal  
  133  12:53  Stalker x5  
  133  12:56  Probe  
  134  13:10  Zealot, High Templar x2  
  134  13:11  Zealot  
  130  13:17  Zealot x5  
  117  13:29  Assimilator  
Tags
 
Add a new tag
Caveats
  • Supply blocks, unpowered buildings, or Contaminate may cause inaccurate times.
  • Supply counts are checked every 10 seconds.